 Dungeon Crawl Stone Soup version 0.21.1-1-g345015fe64 (webtiles) character file.

226 Revguard the Ruffian (level 5, -2/41 HPs)
             Began as a Demonspawn Abyssal Knight on June 14, 2018.
             Was a Priest of Lugonu.
             Slain by a scorpion (5 damage)
             ... on level 5 of the Dungeon.
             The game lasted 00:15:08 (3121 turns).

Revguard the Ruffian (Demonspawn Abyssal Knight)    Turns: 3121, Time: 00:15:09

Health: -2/41      AC: 11    Str: 16 (18) XL:     5   Next: 69%
Magic:  7/7        EV: 10    Int: 14      God:    Lugonu [***...]
Gold:   209        SH:  3    Dex: 11 (12) Spells: 4/4 levels left

rFire    . . .     SeeInvis .     - Unarmed
rCold    + + .     Gourm    .   (no shield)
rNeg     . . .     Faith    .   d - +0 ice dragon scales
rPois    .         Spirit   .   (no helmet)
rElec    .         Reflect  +   (no cloak)
rCorr    .         Harm     .   n - +0 pair of gloves
MR       .....                  (no boots)
Stlth    ..........             f - +3 amulet of reflection
HPRegen  0.13/turn              (no ring)
MPRegen  0.10/turn              (no ring)

@: mighty, lethally poisoned (-2 -> -10), flying, starving
A: talons 2, deterioration 1, fire resistance 1, flame cloud immunity
a: Depart the Abyss, Bend Space, Banish, Renounce Religion


You were on level 5 of the Dungeon.
You worshipped Lugonu.
Lugonu was most pleased with you.
You were starving.

You visited 1 branch of the dungeon, and saw 4 of its levels.
You visited the Abyss 1 time.

You collected 209 gold pieces.

Inventory:

Armour
 a - a +0 leather armour
 d - +0 ice dragon scales (worn)
 n - a +0 pair of gloves (worn)
Jewellery
 f - a +3 amulet of reflection (around neck)
 m - a cursed amulet of inaccuracy
Wands
 s - a wand of iceblast (11)
Scrolls
 c - 4 scrolls of teleportation
 g - 2 scrolls of blinking
 i - 4 scrolls of identify
 k - a scroll of fog {unknown}
 p - 3 scrolls of immolation {unknown}
 r - 2 scrolls of remove curse {unknown}
 t - a scroll of enchant armour {unknown}
Potions
 e - a potion of heal wounds {unknown}
 h - a potion of flight
 j - a potion of lignification {unknown}
 l - a potion of curing {unknown}
 o - a potion of brilliance {unknown}
 q - a potion of might
 v - a potion of mutation {unknown}
Books
 u - a book of Misfortune

   Spells                             Type                      Level
   a - Confusing Touch                Hexes                        1
   b - Confuse                        Hexes                        3
   c - Gell's Gravitas                Translocation                3
   d - Petrify                        Transmutation/Earth          4
   e - Metabolic Englaciation         Hexes/Ice                    5
   f - Yara's Violent Unravelling     Hexes/Transmutation          5
Comestibles
 b - 7 rations


   Skills:
 + Level 3.2 Fighting
 + Level 2.5 Armour
 * Level 2.8 Dodging
 * Level 3.8 Unarmed Combat
 * Level 3.1 Invocations


You had 4 spell levels left.
You didn't know any spells.

Dungeon Overview and Level Annotations

Branches:
Dungeon (3/15)

Altars:


Innate Abilities, Weirdness & Mutations

You have razor-sharp toenails.
Your flesh is heat resistant. (rF+)
You are immune to clouds of flame.
Your body sometimes deteriorates upon taking damage.


Message History

Your kick misses the scorpion.
The scorpion is lightly wounded.
You feel sick. The scorpion stings you.
* * * LOW HITPOINT WARNING * * *
Your body deteriorates!
You feel weakened.
You hit the scorpion but do no damage.
The scorpion is lightly wounded.
* * * LOW HITPOINT WARNING * * *
You feel sick. The scorpion stings you.
* * * LOW HITPOINT WARNING * * *
It was a potion of flight.
You feel very buoyant.
You fly up into the air.
* * * LOW HITPOINT WARNING * * *
You feel sick. The scorpion closely misses you.
It was a potion of might.
You feel very mighty all of a sudden.
* * * LOW HITPOINT WARNING * * *
You feel sick. The scorpion stings you.
You die...

#......# #.#.# #
#......###########.#.###
###>....................
#.##.....<..##...#.###
#.##.........#...#.# #
..##......#..#...#.###
### #......####...#....
####.............#####
#...s@...######..##...
######........#..##...
#.....####.#.......
#.....# #.##......
#.....# #.########
#.....# #.# # #.....#
#.# # #.....# #.##### #
###+### #.....#. #


You could see a scorpion.

Vanquished Creatures
  A hound (D:5)
  A bullfrog skeleton (D:5)
  An iguana (D:5)
  A hound zombie (D:5)
  3 adders
  2 oozes
  4 worms
  2 dart slugs (D:2)
  2 leopard geckos (D:3)
  5 giant cockroaches
  3 goblins (D:2)
  9 hobgoblins
  5 jackals
  2 ball pythons
  15 bats
  6 frilled lizards
  11 kobolds
  A leopard gecko zombie (D:5)
  10 rats
84 creatures vanquished.

Notes
Turn   | Place    | Note
-------+----------+-------------------------------------------
     0 | Abyss:1  | Revguard the Demonspawn Abyssal Knight began the quest for the Orb.
     0 | Abyss:1  | Reached XP level 1. HP: 18/18 MP: 2/2
    43 | Abyss:1  | Noticed a neqoxec
    47 | Abyss:1  | Gained mutation: Your body sometimes deteriorates upon taking damage. [a neqoxec]
    67 | Abyss:1  | Noticed a quasit
    67 | Abyss:1  | Noticed a crimson imp
    70 | D:1      | Escaped the Abyss
   185 | D:1      | Reached skill level 1 in Dodging
   220 | D:1      | Reached * piety under Lugonu
   220 | D:1      | Gained mutation: Your flesh is heat resistant. (rF+) [demonic ancestry]
   220 | D:1      | Reached XP level 2. HP: 12/24 MP: 3/3
   623 | D:1      | Gained mutation: You have sharp toenails. [demonic ancestry]
   623 | D:1      | Reached XP level 3. HP: 29/29 MP: 4/4
   781 | D:2      | Reached ** piety under Lugonu
   950 | D:2      | Gained mutation: You are immune to clouds of flame. [demonic ancestry]
   950 | D:2      | Reached XP level 4. HP: 32/35 MP: 5/5
  2523 | D:3      | You fall through a shaft for 2 floors!
  2523 | D:5      | Entered Level 5 of the Dungeon
  2540 | D:5      | Reached *** piety under Lugonu
  2578 | D:5      | Gained mutation: You have razor-sharp toenails. [demonic ancestry]
  2578 | D:5      | Reached XP level 5. HP: 25/41 MP: 7/7
  2779 | D:5      | Noticed a sky beast
  3121 | D:5      | Slain by a scorpion

Skill      XL: |  1  2  3  4  5 |
---------------+----------------+-----
Dodging        | 1 2 |  2.8
Unarmed Combat | 2 3 |  3.8
Armour         | 2 |  2.5
Invocations    | 3 |  3.1
Fighting       | |  3.2

Action                   |  1- 3 |  4- 6 || total
-------------------------+-------+-------++-------
Melee: Unarmed           |   207 |   169 ||   376
       Kick              |    18 |    42 ||    60
       Punch             |       |     2 ||     2
Invok: Depart the Abyss  |     1 |       ||     1
  Use: Scroll            |       |     3 ||     3
       Potion            |       |     2 ||     2
  Eat: Chunk             |       |     2 ||     2
       Ration            |       |     1 ||     1
Armor: Ice dragon scales |   189 |    82 ||   271
Dodge: Dodged            |   133 |    63 ||   196
Block: Other             |    24 |    20 ||    44
